 Dungeon Crawl Stone Soup version 0.21.1-1-g345015f (webtiles) character file.

35 grindst0ne the Grasshopper (level 3, -2/34 HPs)
             Began as a Naga Warper on Feb 27, 2018.
             Slain by a goblin (3 damage)
             ... led by Robin
             ... on level 2 of the Dungeon.
             The game lasted 00:03:43 (1292 turns).

grindst0ne the Grasshopper (Naga Warper)            Turns: 1292, Time: 00:03:44

Health: -2/34      AC:  2    Str: 13    XL:     3   Next: 35%
Magic:  0/6        EV:  9    Int: 14    God:
Gold:   98         SH:  0    Dex: 10    Spells: 2/6 levels left

rFire    . . .     SeeInvis +   a - +0 hand axe
rCold    . . .     Gourm    .   (no shield)
rNeg     . . .     Faith    .   b - +0 leather armour
rPois    +         Spirit   .   (no helmet)
rElec    .         Reflect  .   (no cloak)
rCorr    .         Harm     .   (no gloves)
MR       .....                  (no barding)
Stlth    +.........             (no amulet)
HPRegen  0.11/turn              k - ring of wizardry
MPRegen  0.10/turn              (no ring)

@: flying, very slow
A: large, see invisible, deformed body, poison resistance, slowness 2, slow
metabolism 1, spit poison 1, AC +1
a: Spit Poison


You were on level 2 of the Dungeon.
You were not hungry.

You visited 1 branch of the dungeon, and saw 2 of its levels.

You collected 98 gold pieces.

Inventory:

Hand Weapons
 a - a +0 hand axe (weapon)
Armour
 b - a +0 leather armour (worn)
Jewellery
 k - a ring of wizardry (left hand)
Scrolls
 d - a scroll of blinking
 e - a scroll of fog {unknown}
 g - 4 scrolls of remove curse {unknown}
 l - a scroll of identify {unknown}
Potions
 j - a potion of agility {unknown}
Books
 c - a book of Spatial Translocations

   Spells                             Type                      Level
   a - Blink                          Translocation                2
   b - Shroud of Golubria             Charms/Translocation         2
   c - Lesser Beckoning               Translocation                3
   d - Gell's Gravitas                Translocation                3
   e - Teleport Other                 Translocation                3
   f - Passage of Golubria            Translocation                4
Comestibles
 f - 3 rations
 i - 5 chunks of flesh


   Skills:
 + Level 3.1 Fighting
 - Level 2.0 Axes
 - Level 0.8 Throwing
 - Level 0.7 Armour
 - Level 1.5 Dodging
 - Level 2.0 Spellcasting
 * Level 3.5 Translocations


You had 2 spell levels left.
You knew the following spells:

 Your Spells              Type           Power        Failure   Level  Hunger
a - Blink                 Tloc           N/A          4%          2    ###....
b - Shroud of Golubria    Chrm/Tloc      #.........   9%          2    ###....


Dungeon Overview and Level Annotations

Branches:
Dungeon (2/15)

Altars:

Annotations:
D:2 Robin


Innate Abilities, Weirdness & Mutations

You cannot wear boots.
Your serpentine skin is tough. (AC +1)
You have supernaturally acute eyesight. (SInv)
Armour fits poorly on your strangely shaped body.
Your system is resistant to poisons. (rPois)
You cover ground very slowly.
You have a slow metabolism.
You can spit poison.


Message History

You aren't carrying any items that you can evoke.
Okay, then.
Okay, then.
Casting: Blink
Confirm with . or Enter, or press ? or * to list all spells.
You blink.
The goblin hits you but does no damage. The goblin barely misses you.
Casting: Blink
Confirm with . or Enter, or press ? or * to list all spells.
You don't have enough magic to cast that spell.
Unknown command.
Casting: Blink
Confirm with . or Enter, or press ? or * to list all spells.
You don't have enough magic to cast that spell.
It was a potion of flight.
You feel very buoyant.
You fly up into the air.
The goblin hits you.
* * * LOW HITPOINT WARNING * * *
The goblin hits you.
You die...

##.### #.#
#.# #)#
#.######
####......#
#......ยง..#
#.........#
#...g@#####.
####g###....
#gg......
#g.#g.g..
#..# ....
#.g# ...
#..# .. #...
. ##.#


You could see Robin and 3 goblins.

Vanquished Creatures
  An adder (D:2)
  A dart slug (D:2)
  2 giant cockroaches
  4 goblins
  A hobgoblin (D:2)
  A quokka (D:2)
  2 ball pythons (D:1)
  3 bats
  5 frilled lizards (D:1)
  4 kobolds (D:1)
  A rat (D:1)
25 creatures vanquished.

Notes
Turn   | Place    | Note
-------+----------+-------------------------------------------
     0 | D:1      | grindst0ne the Naga Warper began the quest for the Orb.
     0 | D:1      | Reached XP level 1. HP: 19/19 MP: 3/3
   443 | D:1      | Reached XP level 2. HP: 19/27 MP: 5/5
   701 | D:1      | Learned a level 2 spell: Blink
   704 | D:1      | Learned a level 2 spell: Shroud of Golubria
  1231 | D:2      | Reached XP level 3. HP: 19/34 MP: 3/6
  1286 | D:2      | Noticed Robin
  1292 | D:2      | HP: 1/34 [goblin[Robin] (2)]
  1292 | D:2      | Slain by a goblin

Skill      XL: |  1  2 |
---------------+-------+-----
Fighting       | 3 |  3.1
Axes           | |  2.0
Throwing       | |  0.8
Armour         | |  0.7
Dodging        | |  1.5
Spellcasting   | |  2.0
Translocations | |  3.5

Action                   || total
-------------------------++-------
Melee: Hand axe          ||    55
Throw: Tomahawk          ||     5
 Cast: Shroud of Golubri ||     2
       Blink             ||     3
 Abil: Spit Poison       ||     4
  Use: Potion            ||     1
  Eat: Chunk             ||     1
Armor: Leather armour    ||    15
Dodge: Dodged            ||    33
